 Dungeon Crawl Stone Soup version 0.26-a0-737-g4e9f4955e2 (webtiles) character file.

Game seed: 15514584808941581838

25 GordonOverkill the Skirmisher (level 2, 0/27 HPs)
             Began as a Palentonga Chaos Knight on Nov 4, 2020.
             Was a Plaything of Xom.
             Killed from afar by a jackal (27 damage)
             ... with an exploding inner flame
             ... hexed by the player character
             ... on level 2 of the Dungeon.
             The game lasted 00:00:56 (646 turns).

GordonOverkill the Skirmisher (PaCK)                 Turns: 646, Time: 00:00:56

Health: 0/27       AC:  7    Str: 15    XL:     2   Next: 82%
Magic:  2/2        EV:  9    Int: 12    God:    Xom [..*...]
Gold:   48         SH:  0    Dex:  9    Spells: 1/1 levels left

rFire    . . .     SeeInvis +   a - +0 hand axe (chaos)
rCold    . . .     Faith    .   (no shield)
rNeg     . . .     Spirit   .   b - +2 leather armour
rPois    .         Reflect  .   e - +0 helmet
rElec    .         Harm     .   (no cloak)
rCorr    .         Rampage  .   (no gloves)
MR       .....     Rnd*Tele +   (no barding)
Stlth    +.........             (no amulet)
HPRegen  0.09/turn              d - ring of teleportation (curse)
MPRegen  0.08/turn              (no ring)

@: no status effects
A: large, rugged brown scales 3, see invisible, deformed body, roll, armoured
tail
a: Rolling Charge, Renounce Religion


You were on level 2 of the Dungeon.
You worshipped Xom.
You were a toy of Xom.
You visited 1 branch of the dungeon, and saw 2 of its levels.

You collected 48 gold pieces.

Inventory:

Hand Weapons
 a - a +0 hand axe of chaos (weapon)
Armour
 b - a +2 leather armour (worn)
 e - a +0 helmet (worn)
Jewellery
 d - a cursed ring of teleportation (left hand)
Scrolls
 c - 3 scrolls of magic mapping
Potions
 g - a potion of flight {unknown}


   Skills:
 + Level 3.4 Fighting
 + Level 3.3 Axes
 - Level 2.0 Armour
 - Level 1.0 Dodging


You had one spell level left.
You didn't know any spells.
Your spell library was empty.

Dungeon Overview and Level Annotations

Branches:
Dungeon (2/15)

Altars:


Innate Abilities, Weirdness & Mutations

You are completely covered in rugged brown scales. (AC +3, +7% HP)
You have supernaturally acute eyesight. (SInv)
Armour fits poorly on your strangely shaped body.
You can roll at foes to attack.
You have a long armoured tail.


Message History

You feel aware of your surroundings.
It was a scroll of magic mapping.
The jackal barks!
As you read the scroll labeled CATTOADUIN, it crumbles to dust.
The creatures around you are filled with an inner flame!
It was a scroll of immolation.
You feel slightly jumpy.
Oops, that ring feels deathly cold.
d - a cursed ring of teleportation (left hand)
A jackal comes into view.
Found a mace.
You closely miss the jackal.
The jackal barks!
The jackal barely misses you.
You hit the jackal but do no damage.
The jackal is poisoned.
The jackal barely misses you. x2
You slash the jackal!
The jackal explodes!
The fiery explosion engulfs you!!
Ouch! That really hurt!
You die... "Boring in life, boring in death..."

*******,,,,,,,,.#=*
,,,,,,,,*******...*
********* *#.#* #.# #(#
#.# #.# #<#
********#@#****
**,.....§§§....#
**,*.#.#.§§§###.#
******,**,*#.h...#**,*
,,,,,,,,,,.).....),,,*
,*****,**.##.:...#*,,* ,*
**,*,*.#...##*,,*********
,*
**,,.###..,,,,,,,,,,,,,*
,* **,**
*,,***,,*******,*


You could see a jackal.

Vanquished Creatures
  A gnoll (D:1)
  3 dart slugs (D:1)
  A giant cockroach (D:1)
  A goblin (D:1)
  A ball python (D:1)
  3 bats (D:1)
  A kobold (D:1)
11 creatures vanquished.

Notes
Turn   | Place    | Note
-------+----------+-------------------------------------------
     0 | D:1      | GordonOverkill the Palentonga Chaos Knight began the quest
                  | for the Orb.
     0 | D:1      | Reached XP level 1. HP: 20/20 MP: 1/1
   116 | D:1      | Reached skill level 1 in Dodging
   153 | D:1      | Reached XP level 2. HP: 27/27 MP: 2/2
   311 | D:1      | XOM: cast spell 'Cause Fear'
   460 | D:1      | XOM: cloud trail
   646 | D:2      | Killed from afar by a jackal

Illustrated notes

Levels and vault maps discovered:
D:1:      saegor_arrival_simple_d, layout_loops_ring
D:2:      layout_loops_ring

Skill      XL: |  1  2 |
---------------+-------+-----
Dodging        | 1 |  1.0
Armour         | 2 |  2.0
Fighting       | |  3.4
Axes           | |  3.3

Action                   || total
-------------------------++-------
Melee: Hand axe          ||    45
       Tailslap          ||     5
 Abil: Rolling Charge    ||     8
  Use: Scroll            ||     2
Armor: Leather armour    ||    28
Dodge: Dodged            ||    25

Table legend: (Time is in decaauts)
 A = Elapsed time spent in this place.
 B = Non-inter-level travel time spent in this place.
 C = Inter-level travel time spent in this place.
 D = Time resting spent in this place.
 E = Time spent auto-exploring this place.
 F = Levels seen in this place.
 G = Mean time per level.
                   A        B        C        D        E       F      G
               +--------+--------+--------+--------+--------+-----+--------+
         Total |    652 |    614 |     38 |      0 |    492 |   2 |  326.0 |
       Dungeon |    652 |    614 |     38 |      0 |    492 |   2 |  326.0 |
               +--------+--------+--------+--------+--------+-----+--------+

Top non-repeatable levels by time:
     D:1: 645 daAuts
     D:2: 6 daAuts
